 Dungeon Crawl Stone Soup version 0.31.0-7-gf635a9b802 (webtiles) character file.

Game seed: 13627896194086370552

791 Esekla the Magician (level 7, -1/35 HPs)
             Began as a Spriggan Cinder Acolyte on Jan 24, 2024.
             Was a High Priest of Ignis.
             Slain by an ufetubus (5 damage)
             ... on level 4 of the Dungeon.
             The game lasted 00:31:17 (4748 turns).

Esekla the Magician (Spriggan Cinder Acolyte)       Turns: 4748, Time: 00:31:17

Health: -1/35      AC:  2    Str: 10    XL:     7   Next: 57%
Magic:  3/18       EV: 17    Int: 17    God:    Ignis [*****.]
Gold:   85         SH:  0    Dex: 11    Spells: 12/19 levels left

rFire   + . .        a - +0 dagger (venom)
rCold   . . .        (no shield)
rNeg    . . .        b - +0 robe
rPois   .            (helmet restricted)
rElec   .            (no cloak)
rCorr   .            (gloves unavailable)
SInv    +            (boots unavailable)
Will    +....        (no amulet)
Stlth   ++           (no ring)
HPRegen 0.25/turn    (no ring)
MPRegen 0.16/turn

%: no passive effects
@: very quick
A: very small, no large weapons, unfitting armour, see invisible, speed 3
a: Renounce Religion, Fiery Armour, Foxfire Swarm, Rising Flame


You were on level 4 of the Dungeon.
You worshipped Ignis.
Ignis was extremely pleased with you.
You visited 1 branch of the dungeon, and saw 4 of its levels.
You also visited: Sewer.

You collected 141 gold pieces.
You spent 56 gold pieces at shops.

Inventory:

Hand Weapons
 a - a +0 dagger of venom (weapon)
 f - a -1 short sword of flaming
 r - a +0 spear
 y - a +4 dagger
Missiles
 d - 17 poisoned darts (quivered)
 q - a boomerang
 x - a curare-tipped dart
Armour
 b - a +0 robe (worn)
Scrolls
 c - 2 scrolls of revelation
 e - 2 scrolls of teleportation
 g - 2 scrolls of enchant armour {unknown}
 i - a scroll of poison {unknown}
 j - a scroll of vulnerability
 k - 2 scrolls of fear
 m - 2 scrolls of fog
 n - 2 scrolls of acquirement
 o - a scroll of enchant weapon {unknown}
 s - a scroll of noise {unknown}
 u - a scroll of silence
 v - a scroll of amnesia {unknown}
Potions
 h - a potion of enlightenment
 l - a potion of attraction {unknown}
 p - a potion of heal wounds {unknown}
 t - a potion of curing {unknown}
 w - a potion of lignification
 z - 2 potions of might {unknown}
 A - a potion of magic {unknown}
 B - a potion of resistance {unknown}


   Skills:
 - Level 2.4 Fighting
 + Level 3.9 Short Blades
 * Level 3.3 Dodging
 + Level 3.5 Stealth
 * Level 6.7 Spellcasting
 * Level 1.8 Conjurations
 + Level 4.0 Fire Magic


You had 12 spell levels left.
You knew the following spells:

 Your Spells              Type           Power      Damage    Failure   Level
c - Mephitic Cloud        Conj/Alch/Air  7%         N/A       28%         3
e - Searing Ray           Conj           22%        2d5       9%          2
o - Scorch                Fire           38%        2d6       3%          2

Your spell library contained the following spells:

 Spells                   Type           Power      Damage    Failure   Level
 Magic Dart               Conj           44%        1d5       5%          1
 Dazzling Flash           Conj/Hex       16%        N/A       24%         3
 Fulminant Prism          Conj/Alch      4%         3d5       63%         4
 Curse of Agony           Necr           5%         N/A       97%         5
 Silence                  Hex/Air        2%         N/A       97%         5


Dungeon Overview and Level Annotations

Branches:
Dungeon (4/15)              Sewer (visited)
 Temple: D:4-7

Altars:
Cheibriados

Shops:
D:1 ?   D:4 !

Annotations:
D:2 Terence


Innate Abilities, Weirdness & Mutations

You are very small and have problems with some larger weapons.
You are too small for most types of armour.
You have supernaturally acute eyesight. (SInv)
You cover ground extremely quickly. (Speed+++)


Message History

You barely miss the orc.
The orc is heavily wounded.
The orc misses you.
You closely miss the orc.
The orc is heavily wounded.
The orc hits you but does no damage.
You closely miss the orc.
The orc is heavily wounded.
The ufetubus shouts!
You hit the orc.
The orc is poisoned.
The orc is heavily wounded.
You hear a shout!
The orc closely misses you.
You hit the orc.
You kill the orc!
You barely miss the ribbon worm. You punch the ribbon worm.
The ribbon worm is severely wounded.
The ribbon worm bites you.
You hit the ribbon worm.
The ribbon worm is poisoned.
The ribbon worm is almost dead.
You kill the ribbon worm!
The ufetubus shouts!
You hit the jackal but do no damage. The jackal misses you.
You barely miss the jackal. The jackal closely misses you.
You barely miss the ufetubus. The ufetubus slips past you!
The ufetubus misses you. The ufetubus hits you.
The ufetubus closely misses you. The ufetubus hits you.
The ufetubus hits you but does no damage.
The ufetubus misses you. The ufetubus attacks as it pursues you!
The ufetubus misses you. The ufetubus hits you.
* * * LOW HITPOINT WARNING * * *
The ufetubus closely misses you. x2; The ufetubus attacks as it pursues you!
The ufetubus hits you.
* * * LOW HITPOINT WARNING * * *
The ufetubus barely misses you. The ufetubus attacks as it pursues you!
The ufetubus hits you.
* * * LOW HITPOINT WARNING * * *
The ufetubus hits you.
You die...

...#..###.... #.#
..##.## . #.# ####.#
#.#
h.h.o###########.#
#.##.............#
..##.........###.#
(.##.........# #.#
o............# #.#
..#..........###@###
..#............5%..#
oh##........h.5....#
..##...)...........#
#.######)####......#
#<# #.####O.....#
### ##.O.....##..#
#........###.# ###
#........# #.###


You could see a two-headed ogre, 2 ufetubi and a jackal.

Vanquished Creatures
  An ogre (D:4)
  A crocodile (Sewer)
  3 kobold brigands (Sewer)
  A scorpion (D:4)
  An orc priest (D:3)
  2 orc wizards
  4 gnolls (D:3)
  12 adders
  3 ribbon worms
  18 orcs
  11 ball pythons
  4 bats
  7 endoplasms
  7 giant cockroaches
  5 goblins
  6 hobgoblins
  2 jackals (D:4)
  9 quokkas
  5 frilled lizards
  14 kobolds
  5 rats
121 creatures vanquished.

Notes
Turn   | Place    | Note
-------+----------+-------------------------------------------
     0 | D:1      | Esekla the Spriggan Cinder Acolyte began the quest for the
                  | Orb.
     0 | D:1      | Reached XP level 1. HP: 11/11 MP: 3/3
   278 | D:1      | Found Ycvumer's Magic Scroll Shop.
   291 | D:1      | Reached XP level 2. HP: 16/16 MP: 5/5
   405 | D:1      | Learned a level 2 spell: Scorch
   420 | D:1      | Reached skill level 1 in Dodging
   793 | D:2      | Reached skill level 2 in Spellcasting
   808 | D:2      | Noticed Terence
  1030 | D:2      | Reached XP level 3. HP: 19/19 MP: 4/7
  1358 | D:2      | Reached skill level 1 in Stealth
  1560 | D:2      | Reached XP level 4. HP: 23/23 MP: 1/9
  1879 | D:3      | Reached skill level 3 in Spellcasting
  1978 | D:2      | Learned a level 2 spell: Searing Ray
  2737 | D:3      | Reached XP level 5. HP: 21/27 MP: 4/11
  2893 | D:3      | Reached skill level 1 in Conjurations
  3438 | D:4      | Found a snail-covered altar of Cheibriados.
  3462 | D:4      | Noticed a two-headed ogre
  3485 | D:4      | Reached skill level 4 in Spellcasting
  3485 | D:4      | Reached XP level 6. HP: 28/32 MP: 5/13
  3609 | D:4      | Reached skill level 5 in Spellcasting
  3738 | D:4      | Found Cakhud's Distillery.
  3743 | D:4      | Bought a potion of degeneration for 14 gold pieces
  3743 | D:4      | Bought a potion of lignification for 42 gold pieces
  3805 | D:4      | Found a glowing drain.
  3842 | Sewer    | Entered a sewer
  3930 | Sewer    | Reached XP level 7. HP: 14/35 MP: 5/16
  4138 | Sewer    | Reached skill level 6 in Spellcasting
  4567 | Sewer    | Identified 3 scrolls of acquirement
  4567 | Sewer    | Acquired a book of the Senses
  4574 | Sewer    | Learned a level 3 spell: Mephitic Cloud
  4748 | D:4      | Slain by an ufetubus

Illustrated notes

Levels and vault maps discovered:
D:1:      psy_arrival_fountain, layout_basic, serial_shops, shop,
          minmay_tromino_mix6
D:2:      layout_basic, uniq_terence
D:3:      layout_rooms, kennysheep_potato
D:4:      layout_basic, old_standard_altar, gup_sewer_entry_pipe, serial_shops,
          shop

Skill      XL: |  1  2  3  4  5  6  7 |
---------------+----------------------+-----
Dodging        | 1 2 3 |  3.3
Spellcasting   | 2 3 4 5 6 |  6.7
Stealth        | 1 2 3 |  3.5
Fire Magic     | 3 4 |  4.0
Conjurations   | 1 |  1.8
Fighting       | |  2.4
Short Blades   | |  3.9

Action                     |  1- 3 |  4- 6 |  7- 9 || total
---------------------------+-------+-------+-------++-------
  Melee: Short sword       |    60 |     6 |       ||    66
         Dagger            |       |    50 |    19 ||    69
         Punch             |       |     2 |     1 ||     3
  Throw: Dart              |       |     5 |       ||     5
   Cast: Scorch            |    31 |    75 |    31 ||   137
    Use: Potion            |       |     1 |     1 ||     2
         Scroll            |       |       |     7 ||     7
   Stab: Sleeping          |       |     2 |       ||     2
 Armour: Robe              |    13 |    34 |    20 ||    67
         Skin              |       |     3 |       ||     3
  Dodge: Dodged            |    43 |    70 |    26 ||   139
